 Dungeon Crawl Stone Soup version 0.30-a0-305-g026cb31310 (webtiles) character file.

Game seed: 11020605905235949054

176 blackman the Charlatan (level 5, -2/41 HPs)
             Began as a Human Delver on Oct 22, 2022.
             Splashed by a jelly's acid (7 damage)
             ... on level 6 of the Dungeon.
             The game lasted 00:01:25 (337 turns).

blackman the Charlatan (Human Delver)                Turns: 337, Time: 00:01:26

Health: -2/41      AC:  1    Str: 12    XL:     5   Next: 86%
Magic:  5/5        EV: 12    Int: 10    God:
Gold:   49         SH:  0    Dex: 17    Spells: 4/4 levels left

rFire   . . .      SeeInvis .    a - +0 falchion
rCold   . . .      Faith    .    (no shield)
rNeg    . . .      Spirit   .    b - +0 leather armour
rPois   .          Reflect  .    e - +0 helmet
rElec   .          Harm     .    k - +0 cloak
rCorr   .          Rampage  .    (no gloves)
Will    .....                    (no boots)
Stlth   +++.......               (no amulet)
HPRegen 0.26/turn                (no ring)
MPRegen 0.09/turn                (no ring)

@: corroded
A: no striking features
a: no special abilities


You were on level 6 of the Dungeon.
You visited 1 branch of the dungeon, and saw 2 of its levels.

You collected 49 gold pieces.

Inventory:

Hand Weapons
 a - a +0 falchion (weapon)
Armour
 b - a +0 leather armour (worn)
 e - a +0 helmet (worn)
 k - a +0 cloak (worn)
Wands
 d - a wand of mindburst (4)
 g - a wand of digging (3)
Scrolls
 c - a scroll of fog
 h - a scroll of poison {unknown}
 j - 3 scrolls of identify {unknown}
Potions
 f - a potion of haste
 i - a potion of cancellation {unknown}


   Skills:
 - Level 3.0 Fighting
 - Level 2.0 Long Blades
 - Level 2.0 Dodging
 - Level 5.0 Stealth
 * Level 5.1 Evocations


You had 4 spell levels left.
You didn't know any spells.
Your spell library was empty.

Dungeon Overview and Level Annotations

Branches:
Dungeon (6/15)
 Temple: D:4-7

Altars:
Cheibriados
Trog


Message History

A black bear comes into view.
The jelly quivers.
Found 5 gold pieces.
The black bear growls angrily.
Found 16 gold pieces and a dagger.
Found a bloodstained altar of Trog.
Aiming: Mindburst
Press: ? - help, Shift-Dir - straight line, f - black bear
Aim: a black bear (chance to affect: 81%)
The black bear barely resists.
Aiming: Mindburst
Press: ? - help, Shift-Dir - straight line, f/p - black bear
Aim: a black bear (chance to affect: 81%)
The black bear barely resists.
The black bear closely misses you. The black bear claws you. x2
Aiming: Mindburst
Press: ? - help, Shift-Dir - straight line, f/p - black bear
Aim: a black bear (chance to affect: 81%)
The black bear's mind is blasted!!
The black bear goes berserk!
You hit the black bear but do no damage.
The black bear is almost dead.
The black bear barely misses you. The black bear claws you.
The black bear closely misses you.
The black bear bites you but does no damage.
The black bear claws you. x2
Aiming: Mindburst
Press: ? - help, Shift-Dir - straight line, f/p - black bear
Aim: a black bear (almost dead, berserk, chance to affect: 81%)
The black bear barely resists.
The black bear bites you.
The black bear claws you. x2; The jelly hits you.
The acid corrodes you!
You are splashed with acid!
* * * LOW HITPOINT WARNING * * *
Aiming: Mindburst
Press: ? - help, Shift-Dir - straight line, f/p - black bear
Aim: a black bear (almost dead, berserk, chance to affect: 81%)
The black bear's mind is blasted!!
You blow up the black bear!
The jelly hits you.
* * * LOW HITPOINT WARNING * * *
You are splashed with acid!
You die...

**,********** *,* * *,* *
*,* *####*,* ##...#*,*
##.._.#*,*
#.....##.##********
####.@........,,,,,,,,
#.$...J#####.#****,,,,
#.###.######.###**,***
#..............,,,,*
*******
#.$......##..#******
*,,,,,* #.)......##..###
*,,,,,****#..............#
*,,,,,,,,$.........##.##W#
*,,,,,,,...........##^#*,*


You could see a jelly.

Vanquished Creatures
  A sky beast (D:6)
  A black bear (D:6)
  A necrophage (D:6)
  An iguana (D:6)
4 creatures vanquished.

Notes
Turn   | Place    | Note
-------+----------+-------------------------------------------
     0 | D:5      | blackman the Human Delver began the quest for the Orb.
     0 | D:5      | Reached XP level 1. HP: 18/18 MP: 1/1
    42 | D:5      | Found a snail-covered altar of Cheibriados.
    49 | D:5      | Noticed a bullfrog
   114 | D:6      | Noticed a sky beast
   117 | D:6      | Killed a sky beast
   118 | D:6      | Reached XP level 2. HP: 24/24 MP: 2/2
   118 | D:6      | Reached XP level 3. HP: 29/29 MP: 3/3
   118 | D:6      | Reached XP level 4. HP: 35/35 MP: 4/4
   161 | D:6      | Reached XP level 5. HP: 31/41 MP: 5/5
   240 | D:6      | Reached skill level 5 in Evocations
   323 | D:6      | Noticed a phantom
   326 | D:6      | Noticed a black bear
   329 | D:6      | Found a bloodstained altar of Trog.
   337 | D:6      | Killed a black bear
   337 | D:6      | Splashed by a jelly's acid

Illustrated notes

Levels and vault maps discovered:
D:5:      layout_basic, cheibriados_altar_1, kennysheep_generic_room_14
D:6:      layout_loops_ring, bloody_trog

Skill      XL: |  1  2  3  4  5 |
---------------+----------------+-----
Evocations     | 4 5 |  5.1
Fighting       | |  3.0
Long Blades    | |  2.0
Dodging        | |  2.0
Stealth        | |  5.0

Action                   |  1- 3 |  4- 6 || total
-------------------------+-------+-------++-------
Melee: Falchion          |       |    32 ||    32
Evoke: Wand              |     2 |     5 ||     7
  Use: Scroll            |     2 |       ||     2
Armor: Leather armour    |       |     8 ||     8
Dodge: Dodged            |     1 |    24 ||    25

Table legend: (Time is in decaauts)
 A = Elapsed time spent in this place.
 B = Non-inter-level travel time spent in this place.
 C = Inter-level travel time spent in this place.
 D = Time resting spent in this place.
 E = Time spent auto-exploring this place.
 F = Levels seen in this place.
 G = Mean time per level.
                   A        B        C        D        E       F      G
               +--------+--------+--------+--------+--------+-----+--------+
         Total |    343 |    341 |      2 |      0 |    226 |   2 |  171.5 |
       Dungeon |    343 |    341 |      2 |      0 |    226 |   2 |  171.5 |
               +--------+--------+--------+--------+--------+-----+--------+

Top non-repeatable levels by time:
     D:6: 269 daAuts
     D:5: 74 daAuts
